AoeStats
← Blazing Cartesia, The Virtuous

Arabia

508485014Analyzed
1v1 RM · 9d ago on Sep 22, 2026· 66m 52s· 2 players
Game mode
Random Map
Map size
Tiny (2 player)
Population
200
Speed
Normal
Resources
Standard
Victory
Conquest
Starting age
Dark Age
Ending age
Imperial Age
RankedLock teamsTeams togetherTeam positionsShared explorationLock speedFull tech treeHidden civsTurbo modeCheats
Victory
Defeat
1210
+18
🇨🇿 Random · Czechia
1248
-18
Blazing Cartesia, The Virtuous
6:16 Loom
9:22 Feudal Age
9:48 Double-Bit Axe
10:35 Horse Collar
17:36 Fletching
22:03 Castle Age
20:51 Bloodlines
21:47 Forging
22:01 Gold Mining
22:49 Bow Saw
24:06 Scale Barding Armor
26:12 Crossbowman
28:44 Bodkin Arrow
29:36 Ballistics
30:18 Chain Barding Armor
32:25 Husbandry
33:04 Iron Casting
33:11 Stone Mining
33:57 Gold Shaft Mining
34:09 Wheelbarrow
39:23 Imperial Age
40:51 Chemistry
40:44 Padded Archer Armor
40:28 Cavalier
43:19 Hand Cart
43:06 Heavy Plow
44:02 Leather Archer Armor
44:10 Murder Holes
44:32 Masonry
44:50 Conscription
46:11 Blast Furnace
44:42 Savar
46:03 Town Watch
51:10 Ring Archer Armor
51:26 Hoardings
52:09 Kamandaran
51:58 Light Cavalry
53:38 Plate Barding Armor
53:12 Thumb Ring
53:54 Hussar
54:28 Elite War Elephant
60:35 Stone Shaft Mining
golemnewton
5:59 Loom
8:52 Feudal Age
9:26 Double-Bit Axe
9:10 Man-at-Arms
17:44 Arson
20:29 Castle Age
18:22 Gold Mining
18:14 Horse Collar
21:53 Wheelbarrow
22:10 Squires
22:31 Gambesons
23:31 Elite Skirmisher
27:54 Town Watch
29:36 Scale Mail Armor
30:37 Forging
31:37 Chain Mail Armor
37:46 Imperial Age
38:30 Bow Saw
39:47 Plate Mail Armor
39:43 Elite Varangian Guard
40:53 Stone Mining
42:59 Iron Casting
45:46 Blast Furnace
46:17 Onager
52:12 Hand Cart
57:22 Fletching
58:39 Bodkin Arrow
59:01 Hamask
59:34 Pikeman
59:48 Elite Skirmisher
61:37 Padded Archer Armor
61:38 Bracer
62:57 Leather Archer Armor
62:23 Halberdier
62:32 Halberdier
66:42 Ring Archer Armor
Connection lost

Rejoining the realm…

Still unreachable

The connection could not be restored.

Session expired

The server has moved on; the page needs a fresh start.